AoeStats
← Clueless Clown

Black Forest

508124570Analyzed
3v3 RM · 11d ago on Sep 21, 2026· 50m 10s· 6 players
Game mode
Random Map
Map size
Normal (6 player)
Population
200
Speed
Normal
Resources
Standard
Victory
Conquest
Starting age
Dark Age
Ending age
Imperial Age
RankedLock teamsTeams togetherTeam positionsShared explorationLock speedFull tech treeHidden civsTurbo modeCheats
Victory
Defeat
🇵🇪 Malians · Peru
1116
+19
🇦🇺 Celts · Australia
1093
+20
🇺🇸 Bohemians · United States
1050
+21
🇺🇸 Gurjaras · United States
1270
-24
🇺🇸 Sicilians · United States
1177
-20
🇺🇸 Poles · United States
1066
-16
Clueless Clown
10:33 Feudal Age
14:16 Castle Age
12:57 Double-Bit Axe
12:53 Horse Collar
14:46 Loom
16:18 Bow Saw
17:51 Fervor
20:14 Redemption
21:10 Wheelbarrow
21:39 Scale Mail Armor
21:08 Pikeman
23:07 Sanctity
23:21 Atonement
23:54 Squires
24:10 Chain Mail Armor
28:21 Hand Cart
31:08 Imperial Age
28:57 Treadmill Crane
30:20 Chemistry
29:41 Ballistics
29:12 Fletching
31:09 Murder Holes
31:48 Wagenburg Tactics
31:20 Houfnice
32:55 Plate Mail Armor
32:48 Conscription
33:32 Bodkin Arrow
34:36 Hussite Reforms
34:20 Halberdier
36:19 Forging
37:17 Block Printing
37:30 Illumination
37:49 Theocracy
37:11 Herbal Medicine
37:20 Devotion
37:46 Illumination
37:54 Bracer
39:12 Elite Hussite Wagon
40:57 Town Watch
42:20 Iron Casting
48:40 Fishing Lines
AdamSvp21
1:18 Loom
11:43 Feudal Age
17:01 Castle Age
17:10 Horse Collar
31:32 Forging
32:09 Wheelbarrow
36:03 Imperial Age
34:10 Fletching
34:09 Double-Bit Axe
34:25 Heavy Plow
34:19 Gold Mining
34:48 Town Watch
37:09 Conscription
37:52 Chemistry
37:56 Iron Casting
38:27 Scale Mail Armor
40:53 Hand Cart
41:04 Squires
42:05 Chain Mail Armor
41:53 Town Patrol
41:26 Cavalier
43:20 Bloodlines
43:36 Scale Barding Armor
44:17 Husbandry
48:20 Plate Mail Armor
48:58 Chain Barding Armor
49:24 Gold Shaft Mining
48:40 Stone Mining
49:01 Bow Saw
48:52 Heavy Plow
49:47 Bodkin Arrow
49:35 Treadmill Crane
StandingTall
0:58 Loom
12:35 Feudal Age
15:51 Double-Bit Axe
18:08 Castle Age
16:57 Stone Mining
17:20 Horse Collar
19:47 Wheelbarrow
27:09 Wheelbarrow
26:19 Fishing Lines
27:56 Bow Saw
27:47 Heavy Plow
27:59 Gold Mining
29:36 Fletching
30:31 Hand Cart
30:44 Bodkin Arrow
30:49 Gillnets
33:31 Imperial Age
32:10 Town Watch
32:23 Gambesons
31:58 Pikeman
32:23 Arson
34:40 Conscription
33:42 Halberdier
34:57 Onager
35:55 Forging
35:45 Scale Mail Armor
36:22 Scale Mail Armor
36:10 Capped Ram
38:06 Furor Celtica
38:58 Iron Casting
38:39 Chain Mail Armor
37:57 Siege Ram
40:05 Plate Mail Armor
41:08 Blast Furnace
41:44 Treadmill Crane
42:24 Ballistics
41:44 Elite Woad Raider
43:27 Blast Furnace
42:35 Scale Barding Armor
43:11 Caravan
43:22 Guilds
47:38 Chain Barding Armor
47:10 Stronghold
46:51 Sappers
47:57 Hoardings
48:15 Murder Holes
49:20 Chemistry
50:24 Masonry
50:34 Guard Tower
Black Beard
10:17 Feudal Age
11:01 Double-Bit Axe
14:30 Castle Age
13:08 Gold Mining
16:52 Scale Barding Armor
18:33 Chain Barding Armor
23:59 Bloodlines
23:50 Husbandry
26:27 Loom
26:32 Horse Collar
28:42 Forging
28:25 Fletching
29:20 Bodkin Arrow
36:54 Imperial Age
35:07 Padded Archer Armor
36:24 Leather Archer Armor
37:19 Wheelbarrow
37:50 Bracer
37:41 Elite Elephant Archer
38:04 Elite Elephant Archer
38:50 Thumb Ring
You cant beat luck:)
1:39 Loom
12:20 Feudal Age
16:22 Castle Age
14:41 Double-Bit Axe
16:14 Scale Barding Armor
21:55 Forging
23:04 Husbandry
23:15 Bloodlines
26:52 Wheelbarrow
26:48 Light Cavalry
31:37 Hand Cart
31:25 Town Watch
31:27 Horse Collar
32:29 Bow Saw
33:05 Chain Barding Armor
33:33 Szlachta Privileges
34:20 Iron Casting
34:49 Gold Mining
41:00 Scale Mail Armor
41:02 Squires
40:48 Arson
Alexzander The Great
3:52 Loom
11:10 Feudal Age
12:06 Double-Bit Axe
20:50 Castle Age
21:02 Wheelbarrow
20:25 Gold Mining
20:18 Horse Collar
22:43 Fishing Lines
23:24 Bow Saw
23:28 Forging
26:11 Heavy Plow
26:49 Iron Casting
28:37 Fletching
28:49 Scale Mail Armor
29:44 Hand Cart
31:16 Stone Mining
32:02 Gold Shaft Mining
31:49 Bloodlines
31:46 Bodkin Arrow
31:52 Padded Archer Armor
31:24 Crossbowman
32:56 Gillnets
36:35 Chain Mail Armor
43:27 Imperial Age
42:21 Squires
42:08 Arson
42:09 Gambesons
43:58 Stone Shaft Mining
43:33 Elite Serjeant
44:48 Plate Mail Armor
45:18 Blast Furnace
49:38 First Crusade
Connection lost

Rejoining the realm…

Still unreachable

The connection could not be restored.

Session expired

The server has moved on; the page needs a fresh start.